 Dungeon Crawl Stone Soup version 0.16.0-17-g811c1d7 (webtiles) character file.

11025 kae the Martial Artist (level 11, -1/77 HPs)
             Began as a Grey Draconian Transmuter on Mar 19, 2015.
             Was a Priest of Sif Muna.
             Slain by a seven-headed hydra (17 damage)
             ... on level 2 of the Lair of Beasts on Mar 22, 2015.
             The game lasted 00:31:34 (14307 turns).

kae the Martial Artist (Grey Draconian Transmuter) Turns: 14307, Time: 00:31:35

Health: -1/77      AC:  2    Str: 12    XL:     11   Next: 43%
Magic:  14/17      EV: 24    Int: 15    God:    Sif Muna [***...]
Gold:   733        SH:  0    Dex: 19    Spells: 4 memorised, 3 levels left

rFire  . . .     SeeInvis .       - Unarmed
rCold  . . .     Clarity  .     (armour unavailable)
rNeg   + . .     SustAb   .     (shield currently unavailable)
rPois  x         Gourm    .     (helmet currently unavailable)
rElec  .         Spirit   .     (cloak currently unavailable)
rCorr  .         Warding  .     s - melded +2 pair of gloves
rMut   .         Stasis   .     (boots currently unavailable)
MR     .....                    (no amulet)
Stlth  ++........               u - +5 ring of evasion
                                n - ring of positive energy

@: spider-form, not resistant to hostile enchantments, unstealthy
A: walk through water, unfitting armour, (unbreathing), (cold-blooded), AC +12
a: End Transformation, Channel Energy, Forget Spell, Renounce Religion


You were on level 2 of the Lair of Beasts.
You worshipped Sif Muna.
Sif Muna was most pleased with you.
You were not hungry.
You were a venomous arachnid creature.
You visited 2 branches of the dungeon, and saw 12 of its levels.

You collected 733 gold pieces.

Inventory:

Missiles
 b - 142 arrows
 i - 14 arrows of flame
 p - 13 arrows of frost
 G - 17 poisoned arrows
Armour
 s - a +2 pair of gloves (melded)
Jewellery
 n - a ring of positive energy (left front leg)
 q - an uncursed ring of protection from cold
 u - a +5 ring of evasion (right front leg)
Magical devices
 c - a wand of teleportation (9)
 j - a wand of frost (4)
 B - a wand of digging (8)
 N - a wand of cold (6)
 T - a wand of flame (20)
 U - a wand of fire (9)
Scrolls
 e - 7 scrolls of identify
 l - 5 scrolls of remove curse
 o - 3 scrolls of magic mapping
 x - a scroll of random uselessness
 y - 2 scrolls of amnesia
 z - a scroll of recharging
 A - a scroll of blinking
 E - a scroll of enchant weapon
 L - a scroll of enchant armour
 Q - a scroll of fear
 R - a scroll of fog {unknown}
Potions
 k - a potion of ambrosia {unknown}
 m - a potion of heal wounds {unknown}
 r - a potion of berserk rage {unknown}
 t - a potion of restore abilities {unknown}
 v - 2 potions of invisibility
 w - a potion of cancellation {unknown}
 C - 2 potions of magic {unknown}
 D - 4 potions of agility
 F - a potion of lignification
 H - 2 potions of flight {unknown}
 K - a potion of degeneration {unknown}
 O - 2 potions of haste {unknown}
 S - a potion of curing
Books
 d - a book of Changes

   Spells                             Type                      Level
   a - Beastly Appendage              Transmutation                1
   b - Sticks to Snakes               Transmutation                2
   c - Spider Form                    Transmutation/Poison         3
   d - Ice Form                       Ice/Transmutation            4
   e - Blade Hands                    Transmutation                5
 J - a book of Unlife

   Spells                             Type                      Level
   a - Recall                         Summoning/Translocation      3
   b - Animate Dead                   Necromancy                   4
   c - Control Undead                 Necromancy                   4
   d - Cigotuvi's Embrace             Necromancy                   5
   e - Death Channel                  Necromancy                   6
   f - Simulacrum                     Ice/Necromancy               6
Miscellaneous
 M - a phantom mirror
Comestibles
 a - 10 bread rations
 f - 11 fruits
 g - 6 meat rations
 h - 3 slices of pizza
 I - 2 royal jellies
 P - a beef jerky


   Skills:
 - Level 1.1 Fighting
 - Level 1.7 Dodging
 * Level 14.5 Unarmed Combat
 - Level 2.0 Spellcasting
 + Level 10.7 Transmutations


You had 3 spell levels left.
You knew the following spells:

 Your Spells              Type           Power        Failure   Level  Hunger
a - Beastly Appendage     Trmt           ####..       3%          1    #......
b - Sticks to Snakes      Trmt           ####......   3%          2    ###....
c - Spider Form           Trmt/Pois      ###.......   24%         3    ###....
d - Blade Hands           Trmt           ####......   24%         5    ######.


Dungeon Overview and Level Annotations

Branches:
Dungeon (10/15)            Temple (0/1) D:5            Lair (2/8) D:10
    Orc: D:9-12

Altars:
Elyvilon
Fedhas
Makhleb
Nemelex Xobeh
Ru
Sif Muna
Xom
Zin

Shops:
D:4 [   D:9 [


Innate Abilities, Weirdness & Mutations

You can walk through water.
((Your dull iron-grey scales are very hard (AC +12).))
Your body does not fit into most forms of armour.
((You can survive without breathing.))
((Your cold-blooded metabolism reacts poorly to cold.))


Message History

The seven-headed hydra bites you. The seven-headed hydra misses you.
You bite the seven-headed hydra!
The seven-headed hydra is severely wounded.
The seven-headed hydra completely misses you. x2
The seven-headed hydra bites you.
The seven-headed hydra barely misses you.
The seven-headed hydra completely misses you.
The seven-headed hydra bites you!
* * * LOW HITPOINT WARNING * * *
The seven-headed hydra bites you.
* * * LOW HITPOINT WARNING * * *
You bite the seven-headed hydra!
The seven-headed hydra is almost dead.
Unknown command.
You hit the seven-headed hydra.
The seven-headed hydra is almost dead.
The seven-headed hydra completely misses you.
The seven-headed hydra closely misses you.
The seven-headed hydra bites you!
You die...

...................
................#.#..
#.............#...#...
≈##....................
.#≈≈.............(......
..≈..P...P.......#......
.##P.....P.......#......
#.....#D..#......#####...
#.....P[s.#......# ##..
#.....P...#....### ##..
.....P....#..### #...
.....#)........#### ##..
.....#........#.#.###...
..................#....
...P..........#.......
..#....#...#.#.....≈≈
.#.....[..........≈#


You could see a seven-headed hydra.

Vanquished Creatures
  A hill giant (D:10)
  A black mamba (Lair:1)
  3 spiny frogs (Lair:1)
  A two-headed ogre (D:10)
  Grinder (D:3)
  A slime creature (D:9)
  2 wyverns (D:9)
  2 steam dragons (D:10)
  13 yaks
  2 hippogriffs
  4 wolves (Lair:1)
  The ghost of Sorcv the Covert, an average KoAs (D:4)
  4 porcupines
  2 orc warriors
  4 sky beasts
  A black bear (D:5)
  2 phantoms
  5 ogres
  2 necrophages
  A centaur (D:5)
  2 crocodiles (Lair:1)
  Duvessa (D:4)
  A gnoll sergeant (D:9)
  4 giant frogs
  A scorpion (D:6)
  4 killer bees (D:9)
  The ghost of mauris the Grasshopper, a weakling FoWr (D:9)
  3 goliath beetles
  5 wights (D:9)
  5 electric eels
  3 crimson imps
  Dowan (D:4)
  3 iron imps (D:3)
  A centaur zombie (D:5)
  4 giant frog skeletons
  2 gnoll shamans
  2 jellies
  8 worker ants
  4 iguanas
  7 orc wizards
  12 hounds
  4 orc priests
  6 hell rats (Lair:1)
  Jessica (D:3)
  A hound skeleton (D:7)
  Robin (D:4)
  19 gnolls
  8 adders
  11 river rats (Lair:1)
  2 shadow imps (D:6)
  A giant mite (D:6)
  3 worms (D:3)
  4 adder zombies
  An adder skeleton (D:4)
  2 giant geckos
  50 orcs
  A ball python (D:2)
  19 bats
  A bat skeleton (D:6)
  2 bat zombies
  3 giant cockroaches
  26 goblins
  18 hobgoblins
  10 jackals
  2 giant gecko skeletons
  A giant gecko zombie (D:7)
  5 giant newts
  A jackal zombie (D:5)
  15 kobolds
  3 quokkas
  A quokka skeleton (D:7)
  A quokka zombie (D:6)
  40 rats
  2 ballistomycetes (D:6)
392 creatures vanquished.

Vanquished Creatures (others)
  2 giant frogs (D:6)
  An orc wizard (D:6)
  2 adders (D:6)
  An adder skeleton (D:6)
  2 hobgoblins (D:6)
  A giant spore (D:6)
9 creatures vanquished.

Grand Total: 401 creatures vanquished

Notes
Turn   | Place    | Note
--------------------------------------------------------------
     0 | D:1      | kae, the Draconian Transmuter, began the quest for the Orb.
     0 | D:1      | Reached XP level 1. HP: 16/16 MP: 3/3
   275 | D:1      | Reached XP level 2. HP: 20/23 MP: 4/4
   972 | D:2      | Reached XP level 3. HP: 18/28 MP: 6/6
  1161 | D:2      | Found a deep blue altar of Sif Muna.
  1164 | D:2      | Became a worshipper of Sif Muna the Loreminder
  1344 | D:2      | Reached skill level 4 in Unarmed Combat
  1650 | D:2      | Reached XP level 4. HP: 21/35 MP: 7/7
  1917 | D:3      | Learned a level 2 spell: Sticks to Snakes
  1921 | D:3      | Learned a level 3 spell: Spider Form
  2097 | D:3      | Reached XP level 5. HP: 26/40 MP: 7/9
  2138 | D:3      | Noticed Jessica
  2147 | D:3      | Killed Jessica
  2147 | D:3      | Reached skill level 5 in Unarmed Combat
  2229 | D:3      | Noticed Grinder
  2814 | D:3      | Killed Grinder
  2814 | D:3      | Reached skill level 6 in Unarmed Combat
  2814 | D:3      | Reached XP level 6. HP: 31/47 MP: 6/10
  2858 | D:3      | Found a burning altar of Makhleb.
  3407 | D:3      | Your scales start taking on a dull iron-grey colour.
  3407 | D:3      | Gained mutation: You can survive without breathing. [draconian maturity]
  3407 | D:3      | Reached XP level 7. HP: 34/52 MP: 12/12
  3536 | D:3      | Reached skill level 7 in Unarmed Combat
  3594 | D:3      | Reached skill level 5 in Transmutations
  4319 | D:4      | Noticed Duvessa
  4320 | D:4      | Noticed Dowan
  4328 | D:4      | Noticed Sorcv's ghost (average KoAs)
  4332 | D:4      | Killed Duvessa
  4332 | D:4      | Acquired Sif Muna's first power
  4340 | D:4      | Killed Sorcv's ghost
  4364 | D:4      | Killed Dowan
  4364 | D:4      | Reached skill level 8 in Unarmed Combat
  4604 | D:4      | Noticed Robin
  4653 | D:4      | Killed Robin
  4856 | D:4      | Reached XP level 8. HP: 59/59 MP: 13/13
  5087 | D:4      | Found Twururha's Antique Armour Shoppe.
  5416 | D:4      | Found a blossoming altar of Fedhas.
  5455 | D:5      | Entered Level 5 of the Dungeon
  5802 | D:5      | Reached skill level 9 in Unarmed Combat
  5864 | D:5      | Found a staircase to the Ecumenical Temple.
  5899 | D:5      | Found a burning altar of Makhleb.
  6647 | D:6      | Found a shimmering altar of Xom.
  6913 | D:6      | Reached skill level 10 in Unarmed Combat
  6913 | D:6      | Reached XP level 9. HP: 45/64 MP: 11/14
  7059 | D:6      | Upgraded the game from 0.16.0-16-g311141a to 0.16.0-17-g811c1d7
  8165 | D:7      | Learned a level 5 spell: Blade Hands
  9029 | D:7      | Reached skill level 11 in Unarmed Combat
  9084 | D:7      | Acquired Sif Muna's second power
  9460 | D:8      | Found a sparkling altar of Nemelex Xobeh.
  9503 | D:8      | Found a glowing silver altar of Zin.
  9767 | D:9      | Noticed mauris' ghost (weakling FoWr)
  9776 | D:9      | Killed mauris' ghost
 10034 | D:9      | Reached XP level 10. HP: 65/71 MP: 12/16
 10100 | D:9      | Reached skill level 12 in Unarmed Combat
 10475 | D:9      | Found a white marble altar of Elyvilon.
 10864 | D:9      | Found Smaah's Armour Shop.
 11274 | D:9      | Found a sacrificial altar of Ru.
 11483 | D:10     | Entered Level 10 of the Dungeon
 11935 | D:10     | Reached skill level 13 in Unarmed Combat
 11994 | D:10     | Noticed a hill giant
 12001 | D:10     | Killed a hill giant
 12106 | D:10     | Found a staircase to the Lair.
 12215 | Lair:1   | Entered Level 1 of the Lair of Beasts
 12378 | Lair:1   | Reached skill level 10 in Transmutations
 12458 | Lair:1   | Noticed a black mamba
 12463 | Lair:1   | Killed a black mamba
 12463 | Lair:1   | Reached XP level 11. HP: 57/77 MP: 15/17
 13021 | Lair:1   | Reached skill level 14 in Unarmed Combat
 14295 | Lair:2   | Noticed a seven-headed hydra
 14307 | Lair:2   | Slain by a seven-headed hydra

Action                   |  1- 3 |  4- 6 |  7- 9 | 10-12 || total
-------------------------+-------+-------+-------+-------++-------
Melee: Unarmed           |   117 |   152 |   546 |   379 ||  1194
 Cast: Beastly Appendage |     8 |    12 |    37 |    28 ||    85
       Spider Form       |       |     1 |     7 |     4 ||    12
  Use: Scroll            |       |     8 |     6 |     3 ||    17
       Potion            |       |       |       |     1 ||     1
 Stab: Sleeping          |       |     1 |       |       ||     1
  Eat: Chunk             |     1 |     5 |    23 |    11 ||    40
       Pizza             |       |     1 |       |       ||     1
       Fruit             |       |     1 |       |       ||     1
       Meat ration       |       |       |       |     1 ||     1
